 Dungeon Crawl Stone Soup version 0.19.0-24-gb05acd6 (webtiles) character file.

1757 Gargoyl the Chopper (level 8, -2/62 HPs)
             Began as a Demonspawn Abyssal Knight on Nov 21, 2016.
             Was a Believer of Lugonu.
             Slain by a killer bee (5 damage)
             ... on level 6 of the Dungeon.
             The game lasted 00:14:57 (8963 turns).

Gargoyl the Chopper (Demonspawn Abyssal Knight)     Turns: 8963, Time: 00:14:57

Health: -2/62      AC: 18    Str: 22    XL:     8   Next: 79%
Magic:  12/12      EV:  7    Int: 20    God:    Lugonu [**....]
Gold:   334        SH:  3    Dex: 12    Spells: 0 memorised, 7 levels left

rFire  + + .     SeeInvis .     i - +1 war axe
rCold  + . .     Gourm    .     q - +0 plate armour
rNeg   . . .     Faith    .     f - +0 buckler
rPois  +         Spirit   .     h - +0 helmet
rElec  +         Reflect  .     G - +1 cloak
rCorr  +         Harm     .     (no gloves)
MR     .....                    (no boots)
Stlth  ..........               (no amulet)
                                y - +3 ring of strength
                                A - ring of poison resistance

@: mighty, brilliant, resistant, flying, very slightly contaminated, hasted,
very quick
A: hooves 2, thin metallic scales 1, fire resistance 1, powered by pain 2,
evolution 1
a: Depart the Abyss, Bend Space, Renounce Religion


You were on level 6 of the Dungeon.
You worshipped Lugonu.
Lugonu was pleased with you.
You were hungry.

You visited 1 branch of the dungeon, and saw 7 of its levels.
You visited the Abyss 1 time.

You collected 334 gold pieces.

Inventory:

Hand Weapons
 a - a +2 hand axe
 i - a +1 war axe (weapon)
Armour
 f - a +0 buckler (worn)
 h - a +0 helmet (worn)
 q - a +0 plate armour (worn)
 G - a +1 cloak (worn)
Jewellery
 y - a +3 ring of strength (right hand)
 A - a ring of poison resistance (left hand)
Wands
 I - a wand of iceblast (13/15)
Scrolls
 b - a scroll of recharging
 g - 2 scrolls of remove curse
 s - 5 scrolls of amnesia
 t - 2 scrolls of fear
 u - a scroll of teleportation
 H - 6 scrolls of identify
Potions
 m - 2 potions of flight
 n - 3 potions of cure mutation
 w - a potion of agility
 z - a potion of might
 D - a potion of resistance
 F - a potion of lignification {unknown}
 J - 3 potions of degeneration {unknown}
 K - a potion of invisibility {unknown}
Books
 B - a book of Misfortune

   Spells                             Type                      Level
   a - Confusing Touch                Hexes                        1
   b - Confuse                        Hexes                        3
   c - Gell's Gravitas                Hexes/Translocation          3
   d - Petrify                        Transmutation/Earth          4
   e - Metabolic Englaciation         Hexes/Ice                    5
   f - Yara's Violent Unravelling     Hexes/Transmutation          5
Comestibles
 c - 5 bread rations
 l - 2 fruits
 p - a meat ration
 v - a slice of pizza


   Skills:
 + Level 5.3 Fighting
 + Level 6.1 Axes
 * Level 6.0 Armour
 + Level 2.1 Dodging
 + Level 1.0 Shields
 * Level 6.1 Invocations


You had 7 spell levels left.
You didn't know any spells.

Dungeon Overview and Level Annotations

Branches:
Dungeon (7/15)
 Temple: D:4-7

Altars:
Dithmenos
Makhleb
Okawaru
Vehumet
The Shining One


Innate Abilities, Weirdness & Mutations

You have hoof-like feet.
You are partially covered in thin metallic scales. (AC +2)
Your flesh is heat resistant. (rF+)
You sometimes gain power by taking damage.
You evolve.


Message History

* * * LOW HITPOINT WARNING * * *
The killer bee stings you but does no damage.
Okay, then.
You miss the killer bee. Your kick misses the killer bee.
The killer bee is heavily wounded.
You closely miss the killer bee. You miss the killer bee.
The killer bee stings you.
* * * LOW HITPOINT WARNING * * *
You block the killer bee's attack.
The killer bee stings you but does no damage. x2
The killer bee stings you!
* * * LOW HITPOINT WARNING * * *
You feel better. The killer bee stings you.
* * * LOW HITPOINT WARNING * * *
You block the killer bee's attack.
The killer bee stings you but does no damage.
It was a potion of resistance.
You feel protected. The killer bee stings you.
You die...

).##############'#....##..#..#
#(..>.).................######
'(......................#
#.......................#
#.......................#######
.......########'###'##........#
.......#.............#........#
.......#.........y...#........#
.......#........@....#........#
.......#........yy...#........#
..o....#.............#........#
.......###############........#
######## ##########


You could see 3 killer bees.

Vanquished Creatures
  Edmund (D:6)
  2 orc warriors
  A sky beast (D:6)
  A phantom (D:5)
  2 centaurs (D:5)
  Blork the orc (D:4)
  A scorpion (D:5)
  2 killer bees (D:6)
  2 crimson imps
  2 bullfrog zombies (D:5)
  6 hounds
  An orc priest (D:6)
  5 orc wizards
  A centaur skeleton (D:5)
  An iguana (D:4)
  5 worker ants
  A worker ant zombie (D:6)
  8 adders
  8 gnolls
  An adder skeleton (D:6)
  5 worms
  A dart slug (D:4)
  8 leopard geckos
  9 orcs
  3 ball pythons
  7 bats
  2 giant cockroaches (D:6)
  2 goblins (D:1)
  2 hobgoblins
  6 jackals
  A quokka (D:6)
  A frilled lizard (D:2)
  11 kobolds
  6 rats
116 creatures vanquished.

Notes
Turn   | Place    | Note
-------+----------+-------------------------------------------
     0 | Abyss:1  | Gargoyl the Demonspawn Abyssal Knight began the quest for the Orb.
     0 | Abyss:1  | Reached XP level 1. HP: 18/18 MP: 2/2
    86 | Abyss:1  | Noticed a large abomination
   252 | Abyss:1  | Noticed a large abomination
   258 | Abyss:1  | Noticed a four-headed hydra zombie
   275 | Abyss:1  | Noticed a thrashing horror
   277 | D:1      | Escaped the Abyss
   597 | D:1      | Reached * piety under Lugonu
   597 | D:1      | Gained mutation: You have large cloven feet. [demonic ancestry]
   597 | D:1      | Reached XP level 2. HP: 22/24 MP: 3/3
  1077 | D:2      | Gained mutation: You sometimes gain a little power by taking damage. [demonic ancestry]
  1077 | D:2      | Reached XP level 3. HP: 29/29 MP: 4/4
  2073 | D:3      | Reached XP level 4. HP: 15/37 MP: 4/6
  2875 | D:3      | Reached skill level 1 in Dodging
  2963 | D:3      | Gained mutation: You have hoof-like feet. [demonic ancestry]
  2963 | D:3      | Reached XP level 5. HP: 36/42 MP: 7/7
  3400 | D:3      | Reached ** piety under Lugonu
  3822 | D:4      | Found a shadowy altar of Dithmenos.
  3957 | D:4      | Noticed Blork the orc
  3977 | D:4      | Killed Blork the orc
  4231 | D:4      | Gained mutation: You are partially covered in thin metallic scales. (AC +2) [demonic ancestry]
  4231 | D:4      | Reached XP level 6. HP: 37/48 MP: 8/8
  4397 | D:4      | Found a burning altar of Makhleb.
  4397 | D:4      | Found a glowing golden altar of the Shining One.
  4874 | D:5      | Entered Level 5 of the Dungeon
  5365 | D:5      | Gained mutation: You sometimes gain power by taking damage. [demonic ancestry]
  5365 | D:5      | Reached XP level 7. HP: 53/55 MP: 8/10
  5637 | D:5      | Found an iron altar of Okawaru.
  6137 | D:5      | Reached skill level 5 in Axes
  6534 | D:6      | Reached skill level 5 in Armour
  6534 | D:6      | Gained mutation: Your flesh is heat resistant. (rF+) [demonic ancestry]
  6534 | D:6      | Reached XP level 8. HP: 21/61 MP: 11/11
  6544 | D:6      | Gained mutation: You are robust. (+10% HP) [mutagenic meat]
  6545 | D:6      | Gained mutation: You are occasionally teleported next to monsters. [mutagenic meat]
  6545 | D:6      | Lost mutation: You are occasionally teleported next to monsters. [potion of cure mutation]
  6545 | D:6      | Lost mutation: You are robust. (+10% HP) [potion of cure mutation]
  6837 | D:6      | Found a radiant altar of Vehumet.
  6922 | D:6      | Reached skill level 5 in Invocations
  7413 | D:5      | Reached skill level 5 in Fighting
  8199 | D:6      | Noticed Edmund
  8216 | D:6      | Killed Edmund
  8216 | D:6      | Reached skill level 1 in Shields
  8955 | D:6      | Gained mutation: You evolve. [potion of beneficial mutation]
  8961 | D:6      | HP: 3/62 [killer bee (7)]
  8963 | D:6      | Slain by a killer bee

Skill      XL: |  1  2  3  4  5  6  7  8 |
---------------+-------------------------+-----
Armour         | 2 3 5 6 |  6.0
Axes           | 2 3 4 5 6 |  6.1
Invocations    | 3 4 6 |  6.1
Dodging        | 1 2 |  2.1
Fighting       | 4 5 |  5.3
Shields        | 1 |  1.0

Action                   |  1- 3 |  4- 6 |  7- 9 || total
-------------------------+-------+-------+-------++-------
Melee: Hand axe          |   155 |   249 |   318 ||   722
       Kick              |    26 |    61 |    99 ||   186
       War axe           |       |       |   121 ||   121
Invok: Depart the Abyss  |     1 |       |       ||     1
       Bend Space        |       |       |     2 ||     2
  Use: Scroll            |     2 |     3 |    14 ||    19
       Potion            |       |     3 |    16 ||    19
  Eat: Chunk             |     4 |    10 |    11 ||    25
       Royal jelly       |       |       |     1 ||     1
       Beef jerky        |       |       |     1 ||     1
Armor: Chain mail        |    90 |   220 |   189 ||   499
       Plate armour      |       |       |   153 ||   153
Dodge: Dodged            |    53 |   130 |   202 ||   385
Block: Buckler           |       |       |    38 ||    38
